 Dungeon Crawl Stone Soup version 0.14.0-7-g2801ba0 (webtiles) character file.

968 HenryFlower the Martial Artist (level 7, -4/51 HPs)
             Began as a Demigod Transmuter on Apr 12, 2014.
             Slain by a guardian mummy (23 damage)
             ... in an ossuary.
             The game lasted 00:15:37 (5470 turns).

HenryFlower the Martial Artist (Demigod Transmuter) Turns: 5470, Time: 00:15:37

HP  -4/51        AC  2     Str 15      XL: 7   Next: 35%
MP  12/15        EV 21     Int 20      God:
Gold 154         SH  0     Dex 23      Spells:  2 memorised,  4 levels left

rFire  . . .     SeeInvis .       - Unarmed
rCold  . . .     Clarity  .     n - melded +0 leather armour
rNeg   . . .     Conserve .     (shield currently unavailable)
rPois  x         rCorr    .     l - melded +2 hat
rElec  .         rRot     .     (cloak currently unavailable)
SustAb . .       Spirit   .     h - melded +1 pair of gloves
rMut   .         Warding  .     (boots currently unavailable)
Saprov . . .     Stasis   .     (no amulet)
MR     .....                    (no ring)
                                (no ring)

@: spider-form (expiring), quick, not resistant to hostile enchantments, fairly
stealthy
A: clever 1
a: End Transformation


You were in an ossuary.
You were not hungry.
You were in spider-form.
You visited 1 branch of the dungeon, and saw 4 of its levels.
You also visited: Ossuary.

You collected 154 gold pieces.

Inventory:

Hand weapons
 j - a +1,+2 sling
Missiles
 b - 46 arrows
 g - 28 poisoned needles
 q - 4 poisoned darts (quivered)
 s - 2 darts
 w - 49 sling bullets
Armour
 h - a +1 pair of gloves (melded)
 l - a +2 hat (melded)
 n - a +0 leather armour (melded)
Magical devices
 m - a wand of digging (8)
 p - a wand of paralysis (7) {unknown}
Comestibles
 a - 6 bread rations
Scrolls
 i - a scroll of teleportation
 t - 3 scrolls of identify
Jewellery
 u - an uncursed amulet of resist mutation
 x - an uncursed ring of fire
Potions
 c - 2 potions of flight
 f - 2 potions of brilliance
 o - a potion of mutation {unknown}
 v - a potion of resistance {unknown}
 z - 2 potions of restore abilities {unknown}
Books
 d - a book of Changes

   Spells                             Type                      Level
   Beastly Appendage                  Transmutation                1
   *Sticks to Snakes                  Transmutation                2
   *Spider Form                       Transmutation/Poison         3
   Ice Form                           Ice/Transmutation            4
   Blade Hands                        Transmutation                5
Magical staves
 e - a cursed staff of summoning


   Skills:
 - Level 0.8 Fighting
 + Level 2.6 Dodging
 + Level 11.8 Unarmed Combat
 - Level 1.7 Spellcasting
 - Level 3.6 Transmutations
 - Level 1.0 Poison Magic


You had 4 spell levels left.
You knew the following spells:

 Your Spells              Type           Power        Failure   Level  Hunger
b - Spider Form           Trmt/Pois      ##........   41%         3    ####...
c - Sticks to Snakes      Trmt           ###.......   17%         2    ##.....


Dungeon Overview and Level Annotations

Branches:
Dungeon (4/15)
 Temple: D:4-7


Innate Abilities, Weirdness & Mutations

Your mind is acute. (Int +2)


Message History

Casting: Spider Form
Confirm with . or Enter, or press ? or * to list all spells.
You turn into a venomous arachnid creature.
Your +2 hat melds into your body.
Your +1 pair of gloves melds into your body.
Your +0 leather armour melds into your body.
Unknown command.
You hit the guardian mummy but do no damage.
The guardian mummy completely misses you.
You hit the guardian mummy but do no damage.
The guardian mummy hits you!
Ouch! That really hurt!
* * * LOW HITPOINT WARNING * * *
You bite the guardian mummy!
The guardian mummy is lightly damaged.
You bite the guardian mummy!
The guardian mummy is moderately damaged.
Your transformation is almost over.
The guardian mummy hits you!
You die...

#.8.8.# #.....#
###.### #.# #'#
#.# ###.###
#z▓.▓M# ###s###
#M#
#######'#######
#.............#
#.'##.###.##'.#
#.#.#.#z#.#.#.#
#.###.###.###.#
#.............#
#.............#


You could see 2 guardian mummies and a flying skull.

Vanquished Creatures
  A guardian mummy (Ossuary)
  A scorpion (D:4)
  A wight (Ossuary)
  2 orc wizards (D:3)
  A mummy (Ossuary)
  3 adders (D:2)
  A worm (D:4)
  An adder zombie (Ossuary)
  A giant eyeball (D:4)
  4 oozes
  7 orcs
  11 goblins
  7 hobgoblins
  4 jackals (D:1)
  15 kobolds
  A quokka (D:3)
  2 ball python skeletons (Ossuary)
  8 bats
  5 giant cockroaches
  3 giant geckos
  3 giant newts
  A hobgoblin skeleton (Ossuary)
  A kobold zombie (Ossuary)
  2 orc skeletons (Ossuary)
  An orc zombie (Ossuary)
  12 rats
  A plant (D:1)
100 creatures vanquished.

Notes
Turn   | Place    | Note
--------------------------------------------------------------
     0 | D:1      | HenryFlower, the Demigod Transmuter, began the quest for the Orb.
     0 | D:1      | Reached XP level 1. HP: 15/15 MP: 3/3
   411 | D:1      | Reached skill level 3 in Unarmed Combat
   930 | D:1      | Reached XP level 2. HP: 22/22 MP: 2/4
  1502 | D:1      | Reached XP level 3. HP: 22/27 MP: 7/7
  1507 | D:1      | Learned a level 3 spell: Spider Form
  2086 | D:2      | Reached skill level 1 in Poison Magic
  2524 | D:2      | Reached XP level 4. HP: 28/34 MP: 1/9
  2553 | D:2      | Learned a level 2 spell: Sticks to Snakes
  3190 | D:3      | Reached skill level 4 in Unarmed Combat
  3838 | D:3      | Reached XP level 5. HP: 39/39 MP: 10/10
  4720 | D:4      | Found a sparkling altar of Nemelex Xobeh.
  4757 | D:4      | Found a shattered altar of Ashenzari.
  4788 | D:4      | Reached skill level 5 in Unarmed Combat
  4835 | D:4      | Found a sand-covered staircase.
  4840 | Ossuary  | Entered an ossuary
  5151 | Ossuary  | Gained mutation: Your mind is acute. (Int +2) [potion of beneficial mutation]
  5152 | Ossuary  | Reached skill level 11 in Unarmed Combat
  5152 | Ossuary  | Reached XP level 6. HP: 46/46 MP: 13/13
  5161 | Ossuary  | Noticed a flying skull
  5161 | Ossuary  | Noticed a guardian mummy
  5169 | Ossuary  | Noticed a flying skull
  5178 | Ossuary  | Noticed a flying skull
  5214 | Ossuary  | Noticed a flying skull
  5217 | Ossuary  | Noticed a guardian mummy
  5234 | Ossuary  | Killed a guardian mummy
  5234 | Ossuary  | Reached XP level 7. HP: 24/51 MP: 9/15
  5457 | Ossuary  | Noticed a guardian mummy
  5470 | Ossuary  | Slain by a guardian mummy

Action                   |  1- 3 |  4- 6 |  7- 9 || total
-------------------------+-------+-------+-------++-------
Melee: Unarmed           |   186 |   195 |     4 ||   385
 Cast: Beastly Appendage |     2 |       |       ||     2
       Spider Form       |     3 |     8 |     1 ||    12
Evoke: Wand              |       |     1 |       ||     1
  Use: Scroll            |     5 |    11 |       ||    16
       Potion            |       |     4 |     1 ||     5
 Stab: Sleeping          |       |     2 |       ||     2
